 Dungeon Crawl Stone Soup version 0.27-a0-1065-ge809cff456 (webtiles) character file.

Game seed: 17203565257742783970

10 porpoise the Magician (level 2, 0/22 HPs)
             Began as a Djinni Venom Mage on Apr 22, 2021.
             Slain by a ball python (1 damage)
             ... on level 1 of the Dungeon.
             The game lasted 00:01:41 (333 turns).

porpoise the Magician (Djinni Venom Mage)            Turns: 333, Time: 00:01:41

Health: 0/22       AC:  2    Str:  7    XL:     2   Next: 20%
Gold:   13         EV:  9    Int: 16    God:
                   SH:  0    Dex: 13

rFire    + + .     SeeInvis .   a - +0 short sword
rCold    x . .     Faith    .   (no shield)
rNeg     . . .     Spirit   .   d - +0 robe
rPois    ∞         Reflect  .   (no helmet)
rElec    .         Harm     .   (no cloak)
rCorr    .         Rampage  .   (no gloves)
Will     .....                  (boots unavailable)
Stlth    ++........             (no amulet)
HPRegen  0.07/turn              (no ring)
MPRegen  0.00/turn              (no ring)

@: flying, very slightly contaminated, constricted
A: fire resistance 2, cold vulnerability 1, float, innate caster, hp casting,
extra vitality 1
a: no special abilities


You were on level 1 of the Dungeon.
You visited 1 branch of the dungeon, and saw 1 of its levels.

You collected 13 gold pieces.

Inventory:

Hand Weapons
 a - a +0 short sword (weapon)
Missiles
 b - 12 arrows
 f - 3 stones
Armour
 d - a +0 robe (worn)
Scrolls
 c - a scroll of teleportation {unknown}
Potions
 e - a potion of curing {unknown}


   Skills:
 + Level 1.1 Fighting
 - Level 2.1 Dodging
 - Level 1.5 Stealth
 + Level 2.9 Spellcasting


You couldn't memorise any spells.
You knew the following spells:

 Your Spells              Type           Power      Damage    Failure   Level
a - Sting                 Tmut/Pois      44%        1d5       5%          1
i - Ignite Poison         Fire/Tmut/Pois 11%        N/A       17%         3
m - Mephitic Cloud        Conj/Pois/Air  11%        N/A       17%         3
o - Olgreb's Toxic Radia  Pois           11%        N/A       50%         4
v - Poisonous Vapours     Pois/Air       22%        N/A       9%          2
Your spell library was empty.

Dungeon Overview and Level Annotations

Branches:
Dungeon (1/15)

Altars:


Innate Abilities, Weirdness & Mutations

You are immune to poison.
Your flesh is very heat resistant. (rF++)
You are vulnerable to cold. (rC-)
You float through the air rather than walking.
You learn spells naturally, not from books.
Your magical power is your life essence.
You have superior vitality. (+4 HP)


Message History

The hobgoblin is moderately wounded.
The hobgoblin barely misses you. The ball python bites you.
The ball python grabs you. The ball python constricts you.
You hit the ball python but do no damage.
The ball python bites you but does no damage.
The ball python constricts you. The hobgoblin barely misses you.
You hit the ball python.
The ball python is moderately wounded.
The ball python bites you. The ball python constricts you.
The hobgoblin hits you.
You closely miss the ball python.
The ball python is moderately wounded.
The ball python closely misses you. The ball python constricts you.
The hobgoblin hits you but does no damage.
The ball python bites you. The ball python constricts you.
Your magical contamination has completely faded away.
You barely miss the ball python. The hobgoblin closely misses you.
The ball python bites you. The ball python constricts you.
Casting: Sting (safe; 5% risk of failure)
Confirm with . or Enter, or press ? or * to list all spells.
Aiming: Sting (safe; 5% risk of failure)
Press: ? - help, Shift-Dir - straight line, f - ball python, p - hobgoblin
Aim: a ball python (constricting you, 68% to hit)
The sting misses the ball python.
* * * LOW HITPOINT WARNING * * *
You kill the hobgoblin!
The ball python bites you.
* * * LOW HITPOINT WARNING * * *
x2 The ball python constricts you.
Casting: Sting (safe; 5% risk of failure)
Confirm with . or Enter, or press ? or * to list all spells.
Aiming: Sting (safe; 5% risk of failure)
Press: ? - help, Shift-Dir - straight line, f/p - ball python
Aim: a ball python (constricting you, 68% to hit)
You miscast Sting.
You are very lightly contaminated with residual magic.
Nothing appears to happen.
* * * LOW HITPOINT WARNING * * *
The ball python barely misses you.
You die...

..(.........#### #.......
# K.............# #.######
#.##.##.#.#...^.###.###.##
........................
#.##.#..#.#..##.###.##..##
.....K..#...........##..##
#....................
#..#K##.#####..##....
.....#@##.# #..##...)
##.##g#S##.# #..###.#. ...
....#### #..# #.#. .##
#.#.# #... . ..#.# ###.
##.#.# #. ... ####. ...
..... #####


You could see a ball python and a kobold.

Vanquished Creatures
  2 bats (D:1)
  An endoplasm (D:1)
  2 hobgoblins (D:1)
  2 kobolds (D:1)
  A rat (D:1)
8 creatures vanquished.

Vanquished Creatures (others)
  4 toadstools (D:1)
4 creatures vanquished.

Grand Total: 12 creatures vanquished

Notes
Turn   | Place    | Note
-------+----------+-------------------------------------------
     0 | D:1      | porpoise the Djinni Venom Mage began the quest for the Orb.
     0 | D:1      | Reached XP level 1. HP: 15/15 MP: 0/0
   154 | D:1      | Reached skill level 1 in Fighting
   154 | D:1      | Reached XP level 2. HP: 15/22 MP: 0/0
   333 | D:1      | Slain by a ball python

Illustrated notes

Levels and vault maps discovered:
D:1:      ldierk_water_garden, layout_basic

Skill      XL: |  1 |
---------------+----+-----
Fighting       | 1 |  1.1
Dodging        | |  2.1
Stealth        | |  1.5
Spellcasting   | |  2.9

Action                   || total
-------------------------++-------
Melee: Short sword       ||     9
 Cast: Sting             ||    15
Armor: Robe              ||     7
Dodge: Dodged            ||    14

Table legend: (Time is in decaauts)
 A = Elapsed time spent in this place.
 B = Non-inter-level travel time spent in this place.
 C = Inter-level travel time spent in this place.
 D = Time resting spent in this place.
 E = Time spent auto-exploring this place.
 F = Levels seen in this place.
 G = Mean time per level.
                   A        B        C        D        E       F      G
               +--------+--------+--------+--------+--------+-----+--------+
         Total |    333 |    333 |      0 |    180 |     67 |   1 |  333.0 |
       Dungeon |    333 |    333 |      0 |    180 |     67 |   1 |  333.0 |
               +--------+--------+--------+--------+--------+-----+--------+

Top non-repeatable levels by time:
     D:1: 333 daAuts
